 Dungeon Crawl Stone Soup version 0.25-a0-248-g18654cfe15 (webtiles) character file.

Game seed: 5676504120710284568, levelgen mode: deterministic

17 Jerej03 the Digger (level 2, -4/19 HPs)
             Began as a Formicid Earth Elementalist on Dec 4, 2019.
             Slain by a worm (10 damage)
             ... on level 3 of the Dungeon.
             The game lasted 00:07:12 (432 turns).

Jerej03 the Digger (Formicid Earth Elementalist)     Turns: 432, Time: 00:07:13

Health: -4/19      AC:  3    Str: 12    XL:     2   Next: 80%
Magic:  5/5        EV: 11    Int: 14    God:
Gold:   20         SH:  0    Dex: 11    Spells: 2/5 levels left

rFire    . . .     SeeInvis +   m - -3 spear (curse)
rCold    + . .     Gourm    .   (no shield)
rNeg     . . .     Faith    .   i - +0 leather armour
rPois    .         Spirit   .   (helmet unavailable)
rElec    .         Reflect  .   (no cloak)
rCorr    .         Harm     .   (no gloves)
MR       .....                  (no boots)
Stlth    ++........             (no amulet)
HPRegen  0.06/turn              j - ring of protection from cold
MPRegen  0.09/turn              (no ring)

@: lethally poisoned (-4 -> -12)
A: permanent stasis, dig shafts and tunnels, four strong arms, antennae 3
a: Dig, Shaft Self


You were on level 3 of the Dungeon.
You were not hungry.

You visited 1 branch of the dungeon, and saw 3 of its levels.

You collected 20 gold pieces.

Inventory:

Hand Weapons
 h - a +0 spear
 m - a cursed -3 spear (weapon)
Missiles
 b - 30 stones (quivered)
 k - 3 large rocks
Armour
 c - a +0 robe
 i - a +0 leather armour (worn)
Jewellery
 j - a ring of protection from cold (left hand)
Scrolls
 e - a scroll of fear
 f - a scroll of immolation
Potions
 a - a potion of brilliance {unknown}
 g - 3 potions of degeneration {unknown}
Comestibles
 d - a ration


   Skills:
 + Level 1.8 Dodging
 + Level 2.5 Stealth
 + Level 2.3 Spellcasting
 + Level 1.1 Transmutations
 + Level 4.4 Earth Magic


You had 2 spell levels left.
You knew the following spells:

 Your Spells              Type           Power        Failure   Level  Hunger
a - Sandblast             Erth           ##....       4%          1    #......
b - Passwall              Tmut/Erth      #.......     14%         2    ###....

Your spell library contained the following spells:

 Spells                   Type           Power        Failure   Level  Hunger
 Stone Arrow              Conj/Erth      #.....       34%         3    ###....
 Petrify                  Tmut/Erth      #.......     67%         4    #####..
 Lee's Rapid Deconstruct  Erth           ##........   78%         5    ######.


Dungeon Overview and Level Annotations

Branches:
Dungeon (2/15)

Altars:


Innate Abilities, Weirdness & Mutations

You cannot be hasted, slowed, berserked, paralysed or teleported.
You can dig through walls and to a lower floor.
Your four strong arms can wield two-handed weapons with a shield.
You have a pair of large antennae on your head. (SInv)


Message History

You fall into a shaft and drop 1 floor!
The shaft crumbles and collapses.
A bat, an adder and a worm come into view.
You barely miss the bat.
The adder hisses angrily.
The bat closely misses you. The adder barely misses you.
You hit the adder but do no damage. The bat barely misses you.
The adder bites you.
You are poisoned.
The adder poisons you!
You closely miss the adder.
You feel sick. The bat hits you. The adder bites you.
Your leather armour prevents you from hitting the worm.
The adder bites you but does no damage. The worm bites you.
The adder barely misses you.
You completely miss the worm.
You feel sick. The adder bites you.
You are lethally poisoned!
The adder poisons you! The worm bites you!
Ouch! That really hurt!
You die...

{ { ### #
#####..##..+
#....S.....#
#...@wb....#
##+####+####
{ { { { {


You could see a worm, an adder and a bat.

Vanquished Creatures
  An ooze (D:2)
  2 leopard geckos (D:2)
  3 bats
  3 frilled lizards
  2 kobolds
  2 rats (D:2)
13 creatures vanquished.

Notes
Turn   | Place    | Note
-------+----------+-------------------------------------------
     0 | D:1      | Jerej03 the Formicid Earth Elementalist began the quest for
                  | the Orb.
     0 | D:1      | Reached XP level 1. HP: 13/13 MP: 3/3
   156 | D:1      | You fall into a shaft and drop 1 floor!
   207 | D:2      | Reached skill level 4 in Earth Magic
   207 | D:2      | Reached XP level 2. HP: 13/19 MP: 0/5
   211 | D:2      | Learned a level 2 spell: Passwall
   426 | D:2      | You fall into a shaft and drop 1 floor!
   432 | D:3      | Slain by a worm

Levels and vault maps discovered:
D:1:      lemuel_arrival_broad_hall, layout_loops_corners
D:2:      minmay_inner_zag, layout_loops_ring, cheibriados_altar_1,
          patterned_corridor
D:3:      minmay_chambers_of_twos, layout_basic, eat_drink_and_be_merry_uskayaw

Skill      XL: |  1 |
---------------+----+-----
Earth Magic    | 4 |  4.4
Dodging        | |  1.8
Stealth        | |  2.5
Spellcasting   | |  2.3
Transmutations | |  1.1

Action                   || total
-------------------------++-------
Melee: Unarmed           ||    22
       Spear             ||    10
 Cast: Sandblast         ||    11
 Abil: Dig               ||     2
       Shaft Self        ||     2
  Use: Scroll            ||     3
 Stab: Sleeping          ||     1
Armor: Robe              ||     4
       Leather armour    ||     2
Dodge: Dodged            ||    23

Table legend:
 A = Non-vault XP
 B = Vault XP
 C = Vault XP percentage of total XP
 D = Non-vault monster count
 E = Vault monster count
 F = Vault count percentage of total count
                 A         B        C        D         E       F
            +---------+---------+-------+---------+---------+-------
      Total |      18 |       7 |  28.0 |       8 |       5 |  38.5
            +---------+---------+-------+---------+---------+-------
        D:1 |       4 |       0 |   0.0 |       3 |       0 |   0.0
        D:2 |      14 |       7 |  33.3 |       5 |       5 |  50.0
            +---------+---------+-------+---------+---------+-------
